 Dungeon Crawl Stone Soup version 0.21.1-1-g345015f (webtiles) character file.

181 Ethylacetat the Chopper (level 5, -17/42 HPs)
             Began as a Demonspawn Fighter on June 28, 2018.
             Demolished by an ogre
             ... wielding a +0 giant club
              (21 damage)
             ... on level 4 of the Dungeon.
             The game lasted 00:09:31 (2886 turns).

Ethylacetat the Chopper (Demonspawn Fighter)        Turns: 2886, Time: 00:09:32

Health: -17/42     AC:  9    Str: 28    XL:     5   Next: 34%
Magic:  5/5        EV: 10    Int: 10    God:
Gold:   183        SH:  0    Dex: 12    Spells: 4/4 levels left

rFire    . . .     SeeInvis .   a - +0 war axe
rCold    . . .     Gourm    .   (no shield)
rNeg     . . .     Faith    .   b - +0 scale mail
rPois    .         Spirit   .   s - +0 helmet
rElec    .         Reflect  .   (no cloak)
rCorr    .         Harm     .   (no gloves)
MR       .....                  (no boots)
Stlth    ..........             (no amulet)
HPRegen  0.14/turn              l - +5 ring of strength
MPRegen  0.09/turn              x - +6 ring of strength

@: no status effects
A: hooves 1, iridescent scales 1
a: no special abilities


You were on level 4 of the Dungeon.
You were not hungry.

You visited 1 branch of the dungeon, and saw 4 of its levels.

You collected 183 gold pieces.

Inventory:

Hand Weapons
 a - a +0 war axe (weapon)
 q - a +0 blowgun
Missiles
 r - a throwing net (quivered)
 y - 9 poisoned needles
Armour
 b - a +0 scale mail (worn)
 s - a +0 helmet (worn)
Jewellery
 l - a +5 ring of strength (left hand)
 m - an uncursed ring of flight
 t - a +2 ring of intelligence
 x - a +6 ring of strength (right hand)
Wands
 u - a wand of random effects (16)
Scrolls
 c - 2 scrolls of identify {unknown}
 g - 2 scrolls of remove curse {unknown}
 h - a scroll of fog {unknown}
 i - 2 scrolls of teleportation {unknown}
 k - a scroll of noise {unknown}
 v - 3 scrolls of blinking {unknown}
 A - a scroll of enchant armour {unknown}
Potions
 d - a potion of might
 e - a potion of berserk rage {unknown}
 j - 2 potions of agility {unknown}
 n - a potion of curing {unknown}
 o - a potion of brilliance {unknown}
 p - 2 potions of lignification {unknown}
 B - a potion of mutation {unknown}
Books
 w - a book of Misfortune

   Spells                             Type                      Level
   a - Confusing Touch                Hexes                        1
   b - Confuse                        Hexes                        3
   c - Gell's Gravitas                Translocation                3
   d - Petrify                        Transmutation/Earth          4
   e - Metabolic Englaciation         Hexes/Ice                    5
   f - Yara's Violent Unravelling     Hexes/Transmutation          5
Comestibles
 f - 6 rations
 z - a chunk of flesh


   Skills:
 + Level 4.2 Fighting
 * Level 4.3 Axes
 - Level 2.6 Armour
   Level 2.6 Shields


You had 4 spell levels left.
You didn't know any spells.

Dungeon Overview and Level Annotations

Branches:
Dungeon (4/15)
 Temple: D:4-7

Altars:


Innate Abilities, Weirdness & Mutations

You have large cloven feet.
You are partially covered in iridescent scales. (AC +2)


Message History

Found a stone staircase leading down.
There is a stone staircase leading down here.
There is a stone staircase leading up here.
The adder skeleton barely misses you. The shadow imp gestures at you.
Pain shoots through your body!
* * * LOW HITPOINT WARNING * * *
The adder skeleton bites you.
* * * LOW HITPOINT WARNING * * *
The shadow imp barely misses you. The shadow imp hits you.
* * * LOW HITPOINT WARNING * * *
The adder skeleton bites you but does no damage.
The shadow imp hits you but does no damage.
The adder skeleton bites you but does no damage.
The adder skeleton bites you.
* * * LOW HITPOINT WARNING * * *
The ogre hits you with a giant club!!
Ouch! That really hurt!
You die...

#..............##
#.#.#.###..##...#
#.#.#.# #....#..# # #
#.#.# #.#.....##.#
#.#%# #...#......#
#.#.# ###.....####..#
#.#.####..Z..........
#.....$...O#..####.##
##########.@.........
####.#......
#!....... ######.##
.. #


You could see an ogre and an adder skeleton.

Vanquished Creatures
  A worker ant (D:4)
  An iguana (D:3)
  3 gnolls (D:3)
  4 adders
  An ooze (D:2)
  A dart slug (D:2)
  3 leopard geckos
  3 giant cockroaches
  7 goblins
  4 hobgoblins
  3 jackals (D:1)
  13 bats
  4 frilled lizards (D:1)
  7 kobolds
  5 rats
60 creatures vanquished.

Notes
Turn   | Place    | Note
-------+----------+-------------------------------------------
     0 | D:1      | Ethylacetat the Demonspawn Fighter began the quest for the Orb.
     0 | D:1      | Reached XP level 1. HP: 18/18 MP: 1/1
   158 | D:1      | Gained mutation: You are partially covered in iridescent scales. (AC +2) [demonic ancestry]
   158 | D:1      | Reached XP level 2. HP: 9/24 MP: 2/2
   836 | D:1      | Gained mutation: You have large cloven feet. [demonic ancestry]
   836 | D:1      | Reached XP level 3. HP: 29/29 MP: 3/3
  1515 | D:2      | Reached XP level 4. HP: 37/37 MP: 4/4
  2193 | D:3      | Reached XP level 5. HP: 34/42 MP: 5/5
  2838 | D:4      | Noticed an ogre
  2886 | D:4      | Demolished by an ogre

Skill      XL: |  1  2  3  4 |
---------------+-------------+-----
Axes           | 2 3 4 |  4.3
Fighting       | 4 |  4.2
Armour         | |  2.6
Shields        | |  2.6

Action                   |  1- 3 |  4- 6 || total
-------------------------+-------+-------++-------
Melee: War axe           |   114 |    53 ||   167
       Kick              |     9 |    15 ||    24
  Eat: Chunk             |     2 |     4 ||     6
Armor: Scale mail        |    99 |    32 ||   131
Dodge: Dodged            |    62 |    24 ||    86
